| TOP OF THE 1ST |
|
Cedar Rapids Kernels batting - Pitching for Kannapolis Intimidators : RHP Alje Velders
|
|
Pitching: RHP Alje Velders
|
|
|
Batting: RHB Tim Carter
|
0-0: Ball 1-0: Called Strike 1-1: Foul Ball, location: 2F 1-2: Fly out, F9 (Flyball, 89M, EV 98.1 MPH)
|
|
Batting: RHB Kevin Harris
|
0-0: Ball 1-0: Ball 2-0: Foul Ball, location: 2F 2-1: Foul Ball, location: 2F 2-2: Strikes out swinging
|
|
Batting: RHB Mike Buchanan
|
0-0: Ball 1-0: Ground out 6-3 (Groundball, 6, EV 110.6 MPH)
|
| Top of the 1st over - 0 runs, 0 hits, 0 errors, 0 left on base; Cedar Rapids 0 - Kannapolis 0 |
| BOTTOM OF THE 1ST |
|
Kannapolis Intimidators batting - Pitching for Cedar Rapids Kernels : RHP Alex Grado
|
|
Pitching: RHP Alex Grado
|
|
|
Batting: RHB Kunimatsu Oya
|
0-0: Ball 1-0: SINGLE (Groundball, 6MD, EV 95.6 MPH)
|
|
Batting: SHB Andres Agudo
|
0-0: Swinging Strike 0-1: Swinging Strike 0-2: Fly out, F6 (Popup, 56, EV 75.6 MPH)
|
|
Batting: RHB Corey Dalton
|
0-0: Ball 1-0: Called Strike 1-1: Foul Ball, location: 2F 1-2: Ground out 4-3 (Groundball, 4, EV 94.4 MPH) Kunimatsu Oya to second
|
|
Batting: LHB Raul Rojas
|
0-0: Called Strike 0-1: Called Strike 0-2: Strikes out looking
|
| Bottom of the 1st over - 0 runs, 1 hit, 0 errors, 1 left on base; Cedar Rapids 0 - Kannapolis 0 |
| TOP OF THE 2ND |
|
Cedar Rapids Kernels batting - Pitching for Kannapolis Intimidators : RHP Alje Velders
|
|
Batting: RHB Nick Phipps
|
0-0: Called Strike 0-1: Foul Ball, location: 2F 0-2: Ball 1-2: Strikes out swinging
|
|
Batting: RHB Ruben Serrata
|
0-0: Fly out, F6 (Popup, 6M, EV 61.9 MPH)
|
|
Batting: RHB Steve Terrell
|
0-0: Ball 1-0: Ball 2-0: Ball 3-0: Base on Balls
|
|
Batting: RHB Jose Gracia
|
Pickoff Throw to First - Out! 1-3
|
| Top of the 2nd over - 0 runs, 0 hits, 0 errors, 0 left on base; Cedar Rapids 0 - Kannapolis 0 |
| BOTTOM OF THE 2ND |
|
Kannapolis Intimidators batting - Pitching for Cedar Rapids Kernels : RHP Alex Grado
|
|
Batting: RHB Nick Kleckner
|
0-0: Fly out, F7 (Flyball, 7, EV 91.9 MPH)
|
|
Batting: RHB Toichiro Fujimoto
|
0-0: Swinging Strike 0-1: Ball 1-1: Called Strike 1-2: Ground out 4-3 (Groundball, 4, EV 88.1 MPH)
|
|
Batting: SHB Noah Long
|
0-0: Swinging Strike 0-1: Ball 1-1: Ground out 6-3 (Groundball, 56, EV 103.8 MPH)
|
| Bottom of the 2nd over - 0 runs, 0 hits, 0 errors, 0 left on base; Cedar Rapids 0 - Kannapolis 0 |
| TOP OF THE 3RD |
|
Cedar Rapids Kernels batting - Pitching for Kannapolis Intimidators : RHP Alje Velders
|
|
Batting: RHB Jose Gracia
|
0-0: Ball 1-0: Ground out 6-3 (Groundball, 6, EV 108.1 MPH)
|
|
Batting: RHB Jeremy Witt
|
0-0: Ball 1-0: Ball 2-0: Ball 3-0: Base on Balls
|
|
Batting: RHB Ratko Macura
|
0-0: Hit by Pitch Jeremy Witt to second
|
|
Batting: RHB Tim Carter
|
0-0: Foul Ball, location: 2F 0-1: Ball 1-1: Fly out, F7 (Flyball, 7D, EV 94.4 MPH) Runner from 2nd tags up, SAFE at 3rd, no throw by LF
|
|
Batting: RHB Kevin Harris
|
0-0: Called Strike 0-1: Ball 1-1: Ball 2-1: Called Strike 2-2: Foul Ball, location: 2F 2-2: SINGLE (Line Drive, 9S, EV 108.1 MPH) Jeremy Witt scores Ratko Macura to second
|
|
Batting: RHB Mike Buchanan
|
0-0: Called Strike 0-1: Fielders Choice at 2nd, 6-4 (Groundball, 6, EV 92.5 MPH)
|
| Top of the 3rd over - 1 run, 1 hit, 0 errors, 2 left on base; Cedar Rapids 1 - Kannapolis 0 |
| BOTTOM OF THE 3RD |
|
Kannapolis Intimidators batting - Pitching for Cedar Rapids Kernels : RHP Alex Grado
|
|
Batting: RHB Kaoru Hamada
|
0-0: Called Strike 0-1: Ball 1-1: Fly out, F8 (Flyball, 8RD, EV 103.1 MPH)
|
|
Batting: RHB Miguel Pacheco
|
0-0: Ball 1-0: SINGLE (Groundball, 56S, EV 71.2 MPH) (infield hit)
|
|
Batting: RHB Kunimatsu Oya
|
0-0: Ball 1-0: Foul Ball, location: 2F 1-1: Called Strike 1-2: Foul Ball, location: 2F 1-2: Ball 2-2: Foul Ball, location: 2F 2-2: Ball 3-2: Base on Balls Miguel Pacheco to second
|
|
Batting: SHB Andres Agudo
|
0-0: TRIPLE (Flyball, 8LXD, EV 103.1 MPH) Miguel Pacheco scores Kunimatsu Oya scores
|
|
Batting: RHB Corey Dalton
|
0-0: Called Strike 0-1: Swinging Strike 0-2: Foul Ball, location: 2F 0-2: Ball 1-2: Strikes out swinging
|
|
Batting: LHB Raul Rojas
|
0-0: Called Strike 0-1: Ball 1-1: Called Strike 1-2: Strikes out looking
|
| Bottom of the 3rd over - 2 runs, 2 hits, 0 errors, 1 left on base; Cedar Rapids 1 - Kannapolis 2 |
| TOP OF THE 4TH |
|
Cedar Rapids Kernels batting - Pitching for Kannapolis Intimidators : RHP Alje Velders
|
|
Batting: RHB Nick Phipps
|
0-0: Ball 1-0: Ball 2-0: Ball 3-0: Base on Balls
|
|
Batting: RHB Ruben Serrata
|
0-0: Ball Nick Phipps is caught stealing 2nd base 2-4 1-0: Ball 2-0: Ball 3-0: Called Strike 3-1: Foul Ball, location: 2F 3-2: Base on Balls
|
|
Batting: RHB Steve Terrell
|
0-0: Called Strike Ruben Serrata is caught stealing 2nd base 2-4 0-1: Fly out, F8 (Flyball, 8RM, EV 75.6 MPH)
|
| Top of the 4th over - 0 runs, 0 hits, 0 errors, 0 left on base; Cedar Rapids 1 - Kannapolis 2 |
| BOTTOM OF THE 4TH |
|
Kannapolis Intimidators batting - Pitching for Cedar Rapids Kernels : RHP Alex Grado
|
|
Batting: RHB Nick Kleckner
|
0-0: Ball 1-0: Foul Ball, location: 2F 1-1: Ball 2-1: Ball 3-1: Base on Balls
|
|
Batting: RHB Toichiro Fujimoto
|
0-0: Swinging Strike 0-1: Ground out 4-3 (Groundball, 34, EV 104.4 MPH) Nick Kleckner to second
|
|
Batting: SHB Noah Long
|
0-0: Ball 1-0: Ball 2-0: Ball Passed Ball! Nick Kleckner to third 3-0: Called Strike 3-1: Base on Balls
|
|
Batting: RHB Kaoru Hamada
|
0-0: Foul Ball, location: 2F 0-1: Ball 1-1: Called Strike 1-2: Foul Ball, location: 2F 1-2: Strikes out swinging
|
|
Batting: RHB Miguel Pacheco
|
0-0: Ball 1-0: Called Strike 1-1: Fly out, F9 (Line Drive, 9S, EV 110.0 MPH)
|
| Bottom of the 4th over - 0 runs, 0 hits, 0 errors, 2 left on base; Cedar Rapids 1 - Kannapolis 2 |
| TOP OF THE 5TH |
|
Cedar Rapids Kernels batting - Pitching for Kannapolis Intimidators : RHP Alje Velders
|
|
Batting: RHB Jose Gracia
|
0-0: Called Strike 0-1: Called Strike 0-2: Ball 1-2: Strikes out swinging
|
|
Batting: RHB Jeremy Witt
|
0-0: Foul Ball, location: 2F 0-1: Ground out 1-3 (Groundball, P, EV 65.0 MPH)
|
|
Batting: RHB Ratko Macura
|
0-0: Ball 1-0: Foul Ball, location: 2F 1-1: Foul Ball, location: 2F 1-2: Fly out, F9 (Flyball, 9LS, EV 84.4 MPH)
|
| Top of the 5th over - 0 runs, 0 hits, 0 errors, 0 left on base; Cedar Rapids 1 - Kannapolis 2 |
| BOTTOM OF THE 5TH |
|
Kannapolis Intimidators batting - Pitching for Cedar Rapids Kernels : RHP Alex Grado
|
|
Batting: RHB Kunimatsu Oya
|
0-0: Ball 1-0: Ground out 5-3 (Groundball, 56, EV 86.9 MPH)
|
|
Batting: SHB Andres Agudo
|
0-0: Called Strike 0-1: Foul Ball, location: 2F 0-2: Fly out, F8 (Flyball, 8RD, EV 100.6 MPH)
|
|
Batting: RHB Corey Dalton
|
0-0: Ball 1-0: Fly out, F8 (Line Drive, 78M, EV 88.1 MPH)
|
| Bottom of the 5th over - 0 runs, 0 hits, 0 errors, 0 left on base; Cedar Rapids 1 - Kannapolis 2 |
| TOP OF THE 6TH |
|
Cedar Rapids Kernels batting - Pitching for Kannapolis Intimidators : RHP Alje Velders
|
|
Batting: RHB Tim Carter
|
0-0: Ball 1-0: Ball 2-0: Called Strike 2-1: Ground out 6-3 (Groundball, 6, EV 98.8 MPH)
|
|
Batting: RHB Kevin Harris
|
0-0: Ball 1-0: Ball 2-0: Called Strike 2-1: Ground out 6-3 (Groundball, 6, EV 91.2 MPH)
|
|
Batting: RHB Mike Buchanan
|
0-0: Called Strike 0-1: Ball 1-1: Swinging Strike 1-2: Ball 2-2: Strikes out looking
|
| Top of the 6th over - 0 runs, 0 hits, 0 errors, 0 left on base; Cedar Rapids 1 - Kannapolis 2 |
| BOTTOM OF THE 6TH |
|
Kannapolis Intimidators batting - Pitching for Cedar Rapids Kernels : RHP Alex Grado
|
|
Batting: LHB Raul Rojas
|
0-0: Ball 1-0: Called Strike 1-1: Swinging Strike 1-2: Fly out, F8 (Flyball, 8LS, EV 93.1 MPH)
|
|
Batting: RHB Nick Kleckner
|
0-0: Ground out 4-3 (Groundball, 4S, EV 70.6 MPH)
|
|
Batting: RHB Toichiro Fujimoto
|
0-0: Ball 1-0: Ball 2-0: Called Strike 2-1: Foul Ball, location: 2F 2-2: Foul Ball, location: 2F 2-2: Ball 3-2: Foul Ball, location: 2F 3-2: Foul Ball, location: 2F 3-2: Base on Balls
|
|
Pitching: RHP Danny Lucero
|
|
|
Batting: SHB Noah Long
|
0-0: Called Strike 0-1: Ball 1-1: Foul Ball, location: 2F 1-2: Strikes out swinging
|
| Bottom of the 6th over - 0 runs, 0 hits, 0 errors, 1 left on base; Cedar Rapids 1 - Kannapolis 2 |
| TOP OF THE 7TH |
|
Cedar Rapids Kernels batting - Pitching for Kannapolis Intimidators : RHP Alje Velders
|
|
Now at 1B: Luwen Storm
|
|
|
Now at 3B: Santos Guadalupe
|
|
|
Batting: RHB Nick Phipps
|
0-0: Called Strike 0-1: Called Strike 0-2: Ball 1-2: Strikes out swinging
|
|
Pitching: RHP Matt Christensen
|
|
|
Batting: RHB Ruben Serrata
|
0-0: Ball 1-0: Ball 2-0: Ball 3-0: Base on Balls
|
|
Pinch Hitting: LHB Tomas Espino
|
0-0: Ball 1-0: Ball 2-0: Called Strike 2-1: Swinging Strike 2-2: Strikes out swinging
|
|
Batting: RHB Jose Gracia
|
0-0: Called Strike 0-1: Called Strike Ruben Serrata steals 2nd base 0-2: DOUBLE (Line Drive, 89D, EV 100.6 MPH) Ruben Serrata scores
|
|
Batting: RHB Jeremy Witt
|
0-0: Foul Ball, location: 2F 0-1: Foul Ball, location: 2F 0-2: Strikes out swinging
|
| Top of the 7th over - 1 run, 1 hit, 0 errors, 1 left on base; Cedar Rapids 2 - Kannapolis 2 |
| BOTTOM OF THE 7TH |
|
Kannapolis Intimidators batting - Pitching for Cedar Rapids Kernels : RHP Danny Lucero
|
|
Now in LF: Ton van Dijk
|
|
|
Pinch Hitting: RHB Tony Garcia
|
0-0: Ball 1-0: Called Strike 1-1: Ball 2-1: Called Strike 2-2: Foul Ball, location: 2F 2-2: Strikes out swinging, 2-3 out at first.
|
|
Batting: RHB Miguel Pacheco
|
0-0: Ball 1-0: Called Strike 1-1: Ball 2-1: Ball 3-1: Foul Ball, location: 2F 3-2: Fly out, F9 (Line Drive, 9S, EV 89.4 MPH)
|
|
Pinch Hitting: LHB Jesus Ramirez
|
0-0: Called Strike 0-1: Foul Ball, location: 2F 0-2: Ball 1-2: Ball 2-2: Ball 3-2: Foul Ball, location: 2F 3-2: Fly out, F9 (Flyball, 9S, EV 80.0 MPH)
|
| Bottom of the 7th over - 0 runs, 0 hits, 0 errors, 0 left on base; Cedar Rapids 2 - Kannapolis 2 |
| TOP OF THE 8TH |
|
Cedar Rapids Kernels batting - Pitching for Kannapolis Intimidators : RHP Matt Christensen
|
|
Pitching: LHP Rodolfo Valencia
|
|
|
Now at SS: Ethan McCullough
|
|
|
Now in CF: Jose Pereyra
|
|
|
Batting: RHB Ratko Macura
|
0-0: Ball 1-0: Foul Ball, location: 2F 1-1: DOUBLE (Groundball, 5L, EV 101.9 MPH)
|
|
Batting: RHB Tim Carter
|
0-0: Swinging Strike 0-1: Ball 1-1: Swinging Strike 1-2: Foul Ball, location: 2F 1-2: SINGLE (Line Drive, 78M, EV 85.0 MPH) Ratko Macura to third
|
|
Batting: RHB Kevin Harris
|
0-0: Called Strike 0-1: Called Strike 0-2: Foul Ball, location: 2F 0-2: Strikes out swinging
|
|
Batting: RHB Mike Buchanan
|
0-0: DOUBLE (Flyball, 8RXD, EV 100.0 MPH) Ratko Macura scores Tim Carter to third Runner from 3rd tries for Home, throw by CF and OUT! 8-2 Mike Buchanan to third
|
|
Batting: RHB Nick Phipps
|
0-0: Swinging Strike 0-1: Ball 1-1: Foul Ball, location: 2F 1-2: Strikes out swinging
|
| Top of the 8th over - 1 run, 3 hits, 0 errors, 1 left on base; Cedar Rapids 3 - Kannapolis 2 |
| BOTTOM OF THE 8TH |
|
Kannapolis Intimidators batting - Pitching for Cedar Rapids Kernels : RHP Danny Lucero
|
|
Pitching: RHP Andy Symons
|
|
|
Batting: SHB Andres Agudo
|
0-0: Ball 1-0: Swinging Strike 1-1: Called Strike 1-2: SINGLE (Line Drive, 8RS, EV 105.0 MPH)
|
|
Batting: RHB Corey Dalton
|
0-0: Reached on error, E6 (Groundball, 6, EV 86.2 MPH) Andres Agudo to second
|
|
Batting: RHB Luwen Storm
|
0-0: Swinging Strike Passed Ball! Andres Agudo to third Corey Dalton to second 0-1: Foul Ball, location: 2F 0-2: Ball 1-2: Foul Ball, location: 2F 1-2: Ground out 4-3 (Groundball, 34, EV 90.0 MPH) Andres Agudo scores Corey Dalton to third
|
|
Batting: RHB Santos Guadalupe
|
0-0: Ball 1-0: Ball 2-0: SINGLE (Groundball, 4D, EV 94.4 MPH) Corey Dalton scores
|
|
Batting: RHB Toichiro Fujimoto
|
0-0: Foul Ball, location: 2F 0-1: Fielders Choice at 2nd, 6-4 (Groundball, 56, EV 107.5 MPH)
|
|
Batting: SHB Noah Long
|
0-0: Foul Ball, location: 2F 0-1: Called Strike 0-2: Strikes out swinging
|
| Bottom of the 8th over - 2 runs, 2 hits, 1 error, 1 left on base; Cedar Rapids 3 - Kannapolis 4 |
| TOP OF THE 9TH |
|
Cedar Rapids Kernels batting - Pitching for Kannapolis Intimidators : LHP Rodolfo Valencia
|
|
Pitching: LHP Ray Sowers
|
|
|
Batting: RHB Ruben Serrata
|
0-0: Swinging Strike 0-1: Ball 1-1: Swinging Strike 1-2: Strikes out swinging
|
|
Batting: RHB Ton van Dijk
|
0-0: Called Strike 0-1: Foul Ball, location: 2F 0-2: Foul Ball, location: 2F 0-2: SINGLE (Groundball, 5S, EV 72.5 MPH) (infield hit)
|
|
Batting: RHB Jose Gracia
|
0-0: Called Strike 0-1: Ball 1-1: Called Strike 1-2: Grounds into double play, 6-4-3 (Groundball, 6, EV 101.2 MPH)
|
| Top of the 9th over - 0 runs, 1 hit, 0 errors, 0 left on base; Cedar Rapids 3 - Kannapolis 4 |
|